 Dungeon Crawl Stone Soup version 0.22-a0-231-g1b571ea (webtiles) character file.

1920807 Gorglomux the Conqueror (level 25, 257/257 HPs)
             Began as a Minotaur Wanderer on Feb 20, 2018.
             Was a High Priest of Okawaru.
             Escaped with the Orb
             ... and 3 runes!
             The game lasted 01:52:25 (52196 turns).

Gorglomux the Conqueror (Minotaur Wanderer)        Turns: 52196, Time: 01:52:26

Health: 257/257    AC: 34    Str: 28    XL:     25   Next: 99%
Magic:  32/32      EV: 15    Int: 13    God:    Okawaru [*****.]
Gold:   2241       SH: 34    Dex: 21    Spells: 32/35 levels left

rFire    + + .     SeeInvis +   j - +8 broad axe (flame) {god gift}
rCold    . . .     Gourm    +   O - +8 large shield
rNeg     + . .     Faith    .   z - +1 plate armour {rF+}
rPois    .         Spirit   .   V - +1 hat of the Stallion {god gift, rElec Regen+ SInv Stlth+}
rElec    +         Reflect  .   a - +2 cloak {MR+} {god gift}
rCorr    .         Harm     .   F - +2 pair of gloves "Ahog" {Regen+ Int+4 Dex+6}
MR       ++...     Rnd*Rage +   y - +2 pair of boots {Stlth+} {god gift}
Stlth    ..........             K - amulet of the gourmand
HPRegen  1.32/turn              n - ring "Juann" {rElec rN+ Str+4 Slay+3}
MPRegen  0.23/turn              f - ring of protection from fire

@: slowed, very slow
A: retaliatory headbutt, horns 2, berserk 1, low mp 1, MP-powered wands
0: Orb of Zot
}: 3/15 runes: decaying, silver, gossamer
a: Heroism, Finesse, Renounce Religion


You escaped.
You worshipped Okawaru.
Okawaru was extremely pleased with you.
You were very full.

You visited 8 branches of the dungeon, and saw 46 of its levels.
You also visited: Trove, Bailey and Ice Cave.

You collected 7524 gold pieces.
You spent 5283 gold pieces at shops.

Inventory:

Hand Weapons
 j - a +8 broad axe of flaming (weapon) {god gift}
Missiles
 C - 4 poisoned javelins (quivered)
 Z - 4 throwing nets
Armour
 a - a +2 cloak of magic resistance (worn) {god gift}
 y - a +2 pair of boots of stealth (worn) {god gift}
 z - a +1 plate armour of fire resistance (worn)
 F - the +2 pair of gloves "Ahog" (worn) {Regen+ Int+4 Dex+6}
   (You found it on level 1 of the Depths)

   It affects your intelligence (+4).
   It affects your dexterity (+6).
   It increases your rate of regeneration.
 O - a +8 large shield (worn)
 V - the +1 hat of the Stallion (worn) {god gift, rElec Regen+ SInv Stlth+}
   (Okawaru gifted it to you on level 4 of the Lair of Beasts)

   It insulates you from electricity.
   It lets you see invisible.
   It increases your rate of regeneration.
   It makes you more stealthy.
Jewellery
 c - an uncursed ring of protection from cold
 f - a ring of protection from fire (right hand)
 g - an uncursed ring of resist corrosion
 n - the ring "Juann" (left hand) {rElec rN+ Str+4 Slay+3}
   (You took it off a vault warden on level 5 of the Vaults)

   [ring of positive energy]

   It affects your strength (+4).
   It affects your accuracy and damage with ranged weapons and melee attacks
   (+3).
   It insulates you from electricity.
   It protects you from negative energy.
 K - an amulet of the gourmand (around neck)
Wands
 A - a wand of acid (7)
 D - a wand of digging (7)
 E - a wand of enslavement (47)
 I - a wand of iceblast (45)
 P - a wand of paralysis (33)
 S - a wand of scattershot (5)
Scrolls
 d - 5 scrolls of holy word
 r - 5 scrolls of fear
 u - a scroll of summoning
 v - 3 scrolls of silence
 x - 22 scrolls of remove curse
 B - 5 scrolls of blinking
 J - 6 scrolls of fog
 R - 15 scrolls of identify
 T - 14 scrolls of teleportation
 X - 6 scrolls of immolation
Potions
 b - 10 potions of lignification
 h - a potion of brilliance
 i - 5 potions of heal wounds
 k - 5 potions of might
 o - 4 potions of ambrosia
 p - 2 potions of resistance
 q - 11 potions of mutation {!q}
 s - 7 potions of magic
 w - 4 potions of agility
 H - 5 potions of haste
 L - 2 potions of flight
 N - 5 potions of berserk rage
 Q - 21 potions of curing
 U - 2 potions of cancellation
Miscellaneous
 m - a lightning rod (4/4)
 W - a sack of spiders
 Y - a lamp of fire
Comestibles
 t - 94 rations


   Skills:
 O Level 27 Fighting
   Level 4.6 Long Blades
 - Level 18.0 Axes
 - Level 1.0 Throwing
 - Level 22.0 Armour
 + Level 9.8 Dodging
 - Level 1.0 Stealth
 - Level 22.0 Shields
 + Level 5.5 Spellcasting
 + Level 5.5 Charms
 + Level 6.1 Necromancy
 - Level 19.5 Invocations
 - Level 10.0 Evocations


You had 32 spell levels left.
You knew the following spells:

 Your Spells              Type           Power        Failure   Level  Hunger
R - Regeneration          Chrm/Necr      ###.......   28%         3    ###....


Dungeon Overview and Level Annotations

Branches:
Dungeon (15/15)            Temple (0/1) D:7            Lair (6/6) D:11
  Swamp (4/4) Lair:2       Spider (4/4) Lair:3        Slime (0/5) Lair:6
    Orc (2/2) D:12            Elf (0/3) Orc:2        Vaults (5/5) D:14
  Crypt (0/3) Vaults:2     Depths (5/5) D:15            Zot (5/5) Depths:5

Altars:
Cheibriados
Dithmenos
Fedhas
Hepliaklqana
Kikubaaqudgha
Nemelex Xobeh
Okawaru
Qazlal
Trog
Wu Jian
Xom
Yredelemnul
The Shining One

Shops:
D:4 (   D:13 [   Orc:1 =   Orc:2 (((!   Vaults:2 (   Vaults:3 [   Depths:1 *:}!
Depths:2 ?   Depths:4 :

Portals:
Hell: Depths:1 Depths:2 Depths:3 Depths:4 Depths:5
Abyss: Depths:4 Depths:5
Pandemonium: Depths:3 Depths:5
Ziggurat: Depths:2

Annotations:
D:3 1 runed door
D:4 Fingolfin's ghost, novice TrIE


Innate Abilities, Weirdness & Mutations

You reflexively headbutt those who attack you in melee.
You have a pair of horns on your head.
You tend to lose your temper in combat.
Your magical capacity is low. (-10% MP)
You expend magic power (3 MP) to strengthen your wands.


Message History

Okawaru roars: ANNIHILATED!
You chop the chaos spawn into pieces!!! You burn the chaos spawn!
Your headbutt misses the chaos spawn!
The chaos spawn is heavily wounded!
You block the chaos spawn's attack!
You slice the chaos spawn like a ripe choko!!!
You burn the chaos spawn!
You annihilate the chaos spawn!!!
Okawaru roars: ANNIHILATED!
The chaos spawn degenerates into a cloud of primal chaos!!!
No target in view!!!
Really walk into that cloud of seething butts? [Y]es or [N]o only, please!
Really walk into that cloud of seething chaos?
Okay, then!
Really walk into that cloud of seething chaos?
You are engulfed in seething chaos!
You feel yourself slow down!
There is a staircase leading out of the dungeon here!
You have escaped!!!

#.# #........#.# #.### #. #.#
#.##.#.##..#####...# #. #.#
#.##.#.##+#........######.
#.###....####(######......(...
#.......##..#.#..###.#########
#####.###.#.#.#.#.##.#
#.###..#...#..#..# #
#..####.....####.# #
###..'.....@.....'.# #
#...#####.....###### # #.#.#
#..#...#..# # #.#.#
#.#.#.#.#.# #
#.#.####..#.#..## #
#.#....####.##### # #.######
##'# #.# # #.# #..###.## # #.#
#.###...###########


There were no monsters in sight!

Vanquished Creatures
  Mara (Depths:2)
  Mennas (Vaults:2)
  2 orbs of fire (Zot:5)
  3 ancient liches
  Sojobo (Vaults:4)
  the Lernaean hydra (Swamp:4)
  Bai Suzhen (Spider:3)
  Saint Roka (Vaults:4)
  Xtahua (Vaults:2)
  Frederick (Depths:4)
  A pandemonium lord (D:14)
  5 Killer Klowns (Zot:5)
  A caustic shrike (Depths:4)
  A golden dragon (Vaults:5)
  Nikola (Depths:3)
  Jory (Vaults:4)
  the Enchantress (Depths:3)
  Arachne (Spider:4)
  A Brimstone Fiend (D:14)
  2 electric golems (Zot:5)
  An Ice Fiend (D:4)
  6 liches
  12 tentacled monstrosities
  23 Orb Guardians
  A deep elf blademaster (Depths:1)
  5 quicksilver dragons
  3 titans (Vaults:5)
  A death cob (Zot:5)
  5 sphinxes
  10 shadow dragons
  7 storm dragons
  3 thorn hunters
  11 tengu reavers
  Donald (Vaults:2)
  2 draconian monks
  13 fire giants
  13 frost giants
  16 vault wardens
  A cacodemon (D:5)
  3 deep elf sorcerers
  Louise (Swamp:1)
  4 orc warlords
  Aizul (Spider:1)
  3 emperor scorpions
  5 ghost moths
  2 draconian shifters
  5 spriggan defenders
  2 deep elf elementalists
  16 ironheart preservers
  The ghost of Galewind the Eclecticist, a journeyman DECj of Sif Muna (Spider:3)
  15 very ugly things
  28 stone giants
  8 entropy weavers
  3 deep elf demonologists
  2 war gargoyles (Vaults:5)
  4 green draconians
  A black draconian (Zot:4)
  2 white draconians (Zot:5)
  13 spark wasps
  4 yellow draconians (Zot:5)
  A red draconian (Zot:5)
  4 deep elf death magi
  17 ettins
  A blizzard demon (Zot:5)
  9 fire dragons
  A crystal guardian (Vaults:5)
  6 deep elf high priests
  11 great orbs of eyes
  10 ice dragons
  25 yaktaur captains
  3 rakshasas
  35 vault guards
  A catoblepas (Lair:5)
  Erolcha (D:13)
  30 hydras
  5 spriggan air magi
  A peacekeeper (Vaults:2)
  A catoblepas (shapeshifter) (Depths:3)
  16 centaur warriors
  29 two-headed ogres
  11 ogre magi
  10 alligators
  2 satyrs (Depths:3)
  4 death yaks (Lair:4)
  A tengu warrior (Depths:3)
  2 death knights
  Erica (D:8)
  7 deep troll earth magi
  5 orc high priests (Orc:2)
  An alligator (shapeshifter) (Vaults:2)
  A vampire mage (Depths:1)
  9 deep troll shamans
  A dancing weapon (Vaults:5)
  Sonja (D:11)
  A soul eater (D:2)
  A hell knight (Vaults:3)
  12 spriggan berserkers
  7 deep elf knights
  2 sixfirhies (D:5)
  4 shadow wraiths
  3 iron trolls
  2 skeletal warriors
  A salamander mystic (Depths:4)
  5 unseen horrors
  5 flayed ghosts
  A death drake (Swamp:2)
  34 deep trolls
  5 wizards
  10 swamp dragons
  2 glowing orange brains
  A tengu zombie (Vaults:4)
  3 shambling mangroves
  8 deep elf archers
  2 spectral hydras (Swamp:2)
  24 ironbrand convokers
  A lindwurm (Lair:6)
  5 phantasmal warriors
  30 orc knights
  A harpy (shapeshifter) (Depths:4)
  A sphinx zombie (Depths:2)
  49 ugly things
  A wolf spider zombie (D:15)
  6 harpies
  5 necromancers
  31 wolf spiders
  An orc sorcerer (Orc:2)
  5 fauns (Depths:3)
  17 orb spiders
  25 deep elf magi
  A manticore (D:14)
  A salamander (shapeshifter) (Depths:1)
  15 moths of wrath
  8 cyclopes
  A frost giant zombie (Depths:2)
  A fire giant zombie (Vaults:3)
  4 human skeletons
  2 salamanders (Depths:4)
  6 elephants (Lair:6)
  5 ice statues (IceCv)
  6 black mambas
  A guardian serpent (shapeshifter) (Vaults:4)
  2 eyes of devastation (shapeshifter)
  A rust devil (D:5)
  The ghost of DEFE the Charlatan, a novice DEAr of Vehumet (D:6)
  17 vault sentinels
  2 water nymphs (Depths:3)
  A black mamba (shapeshifter) (Vaults:2)
  A human zombie (Vaults:3)
  9 torpor snails
  3 gargoyles
  2 orange demons
  15 spiny frogs
  A rime drake (shapeshifter) (Depths:2)
  3 rime drakes
  3 komodo dragons
  An anaconda simulacrum (IceCv)
  13 demonic crawlers
  3 tengu conjurers
  49 yaktaurs
  3 kobold demonologists
  A tormentor (Depths:5)
  An efreet (D:14)
  10 freezing wraiths
  A swamp worm zombie (Swamp:2)
  28 jumping spiders
  45 slime creatures
  11 trolls
  10 tyrant leeches
  3 polar bears
  A troll (shapeshifter) (Vaults:5)
  A sphinx simulacrum (Vaults:2)
  28 hornets
  2 saltlings (Vaults:2)
  A queen bee (shapeshifter) (Depths:1)
  A fire giant simulacrum (Vaults:3)
  9 blink frogs
  4 spectral swamp dragons (Swamp:2)
  19 bog bodies
  11 dream sheep
  9 hippogriffs
  5 alligator zombies (Swamp:2)
  A frost giant simulacrum (Vaults:1)
  100 redbacks
  4 wraiths
  4 dire elephant simulacra (IceCv)
  4 large abominations
  A shadow (Swamp:2)
  5 spriggans
  47 tarantellas
  A ynoxinul (Depths:5)
  4 wyverns
  Grum (Lair:1)
  2 tyrant leech zombies (Swamp:2)
  43 yaks
  A basilisk (shapeshifter) (Depths:5)
  5 basilisks
  2 hungry ghosts
  A chaos spawn (D:1)
  3 harpy simulacra (IceCv)
  21 vampire mosquitoes
  24 swamp worms
  7 insubstantial wisps
  5 wargs
  A swamp worm (shapeshifter) (Vaults:5)
  6 water moccasins
  3 acid dragons
  A deep troll skeleton (Vaults:4)
  A floating eye (Depths:5)
  9 porcupines
  2 black bears
  14 swamp drakes
  An ettin simulacrum (IceCv)
  9 ice beasts
  87 orc warriors
  A spiny frog zombie (Swamp:2)
  2 sky beasts
  5 phantoms
  A sky beast (shapeshifter) (Depths:5)
  2 necrophages
  37 ogres
  20 boggarts
  2 eyes of draining
  An ogre (shapeshifter) (Vaults:5)
  17 centaurs
  2 wolves (Lair:1)
  19 crocodiles
  3 big kobolds
  An elf skeleton (Vaults:4)
  18 bullfrogs
  A bullfrog (shapeshifter) (Depths:5)
  A wyvern zombie (D:9)
  A water moccasin zombie (D:7)
  A wyvern skeleton (D:13)
  2 scorpions
  3 spriggan zombies
  A troll zombie (Swamp:2)
  5 killer bees (D:12)
  3 wights (D:15)
  6 electric eels
  A howler monkey (D:4)
  A bullfrog zombie (D:3)
  9 crimson imps
  6 jellies
  2 human simulacra (Vaults:4)
  A quasit (D:10)
  4 centaur zombies
  44 orc priests
  36 orc wizards
  3 bullfrog skeletons
  5 centaur skeletons
  4 hounds
  4 iguanas
  Jessica (D:2)
  Ijyb (D:3)
  5 worker ants
  A hound zombie (D:5)
  2 hound skeletons
  A howler monkey skeleton (D:5)
  17 gnolls
  12 adders
  8 river rats (D:6)
  2 shadow imps
  An ufetubus (D:14)
  4 adder skeletons
  3 worms
  A dart slug (D:1)
  6 leopard geckos
  200 orcs
  A ball python (D:4)
  7 giant cockroaches
  2 gnoll zombies (D:3)
  13 goblins
  14 hobgoblins
  17 jackals
  12 quokkas
  8 bats
  6 frilled lizards
  A jackal skeleton (D:7)
  37 kobolds
  A leopard gecko skeleton (D:4)
  22 rats
  9 briar patches (Swamp:3)
  A fungus (Swamp:4)
  13 plants
2365 creatures vanquished.

Vanquished Creatures (collateral kills)
  A storm dragon (Vaults:5)
1 creature vanquished.

Vanquished Creatures (others)
  A very ugly thing (Vaults:5)
  A deep elf demonologist (Vaults:5)
  A phantasmal warrior (Vaults:5)
  An ugly thing (Depths:1)
  A moth of wrath (Zot:5)
  A yaktaur (Vaults:1)
  A shadow (D:15)
  A chaos spawn (D:14)
  An orc (D:12)
  3 briar patches (Swamp:3)
  14 fungi
  28 plants
  2 withered plants (Swamp:2)
56 creatures vanquished.

Grand Total: 2422 creatures vanquished

Notes
Turn   | Place    | Note
-------+----------+-------------------------------------------
     0 | D:1      | Gorglomux the Minotaur Wanderer began the quest for the Orb.
     0 | D:1      | Gorglomux set off with: a +2 falchion, a potion of lignification, a +0 robe, a ration, a scroll of teleportation
     0 | D:1      | Reached XP level 1. HP: 22/22 MP: 0/0
    55 | D:1      | Reached skill level 5 in Fighting
   127 | D:1      | Reached skill level 3 in Long Blades
   127 | D:1      | Reached XP level 2. HP: 22/29 MP: 1/1
   805 | D:2      | Reached skill level 1 in Armour
   805 | D:2      | Reached XP level 3. HP: 36/36 MP: 2/2
   815 | D:2      | Noticed Jessica
   818 | D:2      | Killed Jessica
  1209 | D:2      | Reached XP level 4. HP: 44/44 MP: 3/3
  1752 | D:3      | Reached skill level 6 in Fighting
  1802 | D:3      | Reached XP level 5. HP: 38/50 MP: 4/4
  1997 | D:3      | Found a runed door.
  2059 | D:3      | Reached skill level 3 in Armour
  2256 | D:3      | Noticed Ijyb
  2269 | D:3      | Killed Ijyb
  2365 | D:3      | Found a basalt altar of Yredelemnul.
  2565 | D:4      | Noticed a phantom
  2578 | D:4      | Killed a phantom
  2578 | D:4      | Reached skill level 1 in Axes
  2578 | D:4      | Reached XP level 6. HP: 49/58 MP: 5/5
  2696 | D:3      | Reached skill level 7 in Fighting
  2976 | D:4      | Noticed Fingolfin's ghost (novice TrIE)
  3340 | D:4      | Reached skill level 3 in Axes
  3340 | D:4      | Reached XP level 7. HP: 56/66 MP: 6/6
  3673 | D:4      | Found a stormy altar of Qazlal.
  3674 | D:4      | Found a bloodstained altar of Trog.
  3764 | D:4      | Found Qefomali's Weapon Boutique.
  3924 | D:5      | Entered Level 5 of the Dungeon
  3961 | D:5      | Found a sparkling altar of Nemelex Xobeh.
  3963 | D:5      | Found a snail-covered altar of Cheibriados.
  4086 | D:5      | Reached skill level 8 in Fighting
  4243 | D:5      | Reached skill level 6 in Armour
  4243 | D:5      | Reached XP level 8. HP: 47/74 MP: 7/7
  4318 | D:5      | Found a sand-covered staircase.
  4732 | D:6      | Noticed DEFE's ghost (novice DEAr)
  4769 | D:6      | Killed DEFE's ghost
  5088 | D:6      | Reached skill level 6 in Axes
  5093 | D:6      | Reached skill level 9 in Fighting
  5392 | D:6      | Found a shimmering altar of Xom.
  5727 | D:7      | Found an iron altar of Okawaru.
  5735 | D:7      | Became a worshipper of Warmaster Okawaru
  5854 | D:7      | Found a shimmering altar of Xom.
  5874 | D:7      | Found a staircase to the Ecumenical Temple.
  6233 | D:7      | Reached skill level 3 in Shields
  6238 | D:7      | Reached XP level 9. HP: 70/84 MP: 8/8
  6360 | D:7      | Found an ancient bone altar of Kikubaaqudgha.
  6388 | D:8      | Noticed a two-headed ogre
  6443 | D:8      | Noticed Erica
  6641 | D:8      | Killed Erica
  6641 | D:8      | Reached * piety under Okawaru
  6641 | D:8      | Reached ** piety under Okawaru
  6641 | D:8      | Reached skill level 10 in Fighting
  6688 | D:8      | Found a glowing golden altar of the Shining One.
  6743 | D:8      | Got a twisted chain mail
  6754 | D:8      | Identified the +4 chain mail "Put-Me-On" {rPois Slay+3} (You found it on level 8 of the Dungeon)
  6836 | D:8      | Noticed a troll
  6837 | D:8      | Reached skill level 9 in Armour
  7163 | D:8      | Killed a two-headed ogre
  7163 | D:8      | Reached XP level 10. HP: 94/94 MP: 6/9
  7190 | D:8      | Reached *** piety under Okawaru
  7214 | D:8      | Found an ornate altar of the Wu Jian Council.
  7231 | D:8      | Reached skill level 11 in Fighting
  7253 | D:8      | Reached skill level 1 in Invocations
  7802 | D:9      | Noticed a two-headed ogre
  7806 | D:9      | Noticed a gargoyle
  7813 | D:9      | Killed a two-headed ogre
  7813 | D:9      | Reached **** piety under Okawaru
  7813 | D:9      | Reached skill level 3 in Invocations
  7815 | D:9      | Killed a gargoyle
  7862 | D:9      | Found a flagged portal.
  7878 | Bailey   | Entered a bailey
  7942 | Bailey   | Noticed an orc knight
  7953 | Bailey   | Killed an orc knight
  7953 | Bailey   | Reached skill level 12 in Fighting
  7969 | Bailey   | Received a gift from Okawaru
  7976 | Bailey   | Noticed an orc knight
  7993 | Bailey   | Killed an orc knight
  8669 | D:10     | Entered Level 10 of the Dungeon
  8682 | D:10     | Received a gift from Okawaru
  8700 | D:10     | Killed an unseen horror
  8700 | D:10     | Reached XP level 11. HP: 92/105 MP: 12/12
  8803 | D:10     | Noticed a two-headed ogre
  8815 | D:10     | Killed a two-headed ogre
  8815 | D:10     | Reached ***** piety under Okawaru
  8973 | D:10     | Reached skill level 13 in Fighting
  9023 | D:10     | Reached skill level 12 in Armour
  9588 | D:10     | Killed an unseen horror
 10057 | D:11     | Noticed Sonja
 10098 | D:11     | Found a staircase to the Lair.
 10099 | D:11     | Killed Sonja
 10373 | D:11     | Noticed a deep elf mage
 10380 | D:11     | Killed a deep elf mage
 10457 | D:11     | Reached skill level 6 in Invocations
 10473 | D:11     | Noticed a two-headed ogre
 10485 | D:11     | Killed a two-headed ogre
 10844 | Lair:1   | Entered Level 1 of the Lair of Beasts
 10984 | Lair:1   | Noticed a seven-headed hydra
 10991 | Lair:1   | Killed a four-headed hydra
 10991 | Lair:1   | Received a gift from Okawaru
 11036 | Lair:1   | Reached XP level 12. HP: 93/115 MP: 14/17
 11208 | Lair:1   | Noticed Grum
 11420 | Lair:1   | Received a gift from Okawaru
 11420 | Lair:1   | Reached skill level 9 in Invocations
 11443 | Lair:1   | Killed Grum
 11878 | Lair:2   | Found a staircase to the Swamp.
 12323 | Lair:2   | Reached skill level 9 in Axes
 12967 | Lair:3   | Noticed an eight-headed hydra
 12971 | Lair:3   | Reached skill level 3 in Dodging
 12977 | Lair:3   | Killed a four-headed hydra
 12994 | Lair:3   | Noticed a seven-headed hydra
 13133 | Lair:3   | Killed a five-headed hydra
 13159 | Lair:3   | Found a hole to the Spider Nest.
 13232 | Lair:3   | Reached ****** piety under Okawaru
 13240 | Lair:3   | Identified Taudif's Handbook of Changing and Weightlessness
 13588 | Lair:3   | Reached skill level 14 in Fighting
 13897 | Lair:3   | Identified a scroll of acquirement
 14156 | Lair:4   | Noticed a death yak
 14156 | Lair:4   | Noticed a death yak
 14157 | Lair:4   | Noticed a death yak
 14157 | Lair:4   | Noticed a death yak
 14170 | Lair:4   | Killed a death yak
 14170 | Lair:4   | Received a gift from Okawaru
 14175 | Lair:4   | Killed a death yak
 14178 | Lair:4   | Killed a death yak
 14182 | Lair:4   | Killed a death yak
 14182 | Lair:4   | Reached XP level 13. HP: 60/124 MP: 7/19
 14185 | Lair:4   | Got a faintly glowing hat {god gift}
 14194 | Lair:4   | Identified the +1 hat of the Stallion {god gift, rElec Regen+ SInv Stlth+} (Okawaru gifted it to you on level 4 of the Lair of Beasts)
 14832 | Lair:5   | Reached skill level 12 in Axes
 15596 | Lair:6   | Entered Level 6 of the Lair of Beasts
 15655 | Lair:6   | Found a staircase to the Slime Pits.
 15785 | Lair:6   | Found the +4 Vampire's Tooth {vamp}
 16014 | Lair:6   | Reached skill level 6 in Shields
 16036 | Lair:6   | Paralysed by a hornet for 1 turns
 16067 | Lair:6   | Got a bloodstained scimitar
 16068 | Lair:6   | Identified the +6 scimitar of Woe {flame, Int+6} (You found it on level 6 of the Lair of Beasts)
 16493 | Lair:6   | Paralysed by a hornet for 2 turns
 16512 | Lair:6   | Paralysed by a hornet for 1 turns
 16525 | Lair:6   | Found a runed door.
 16591 | Lair:6   | Received a gift from Okawaru
 16598 | Lair:6   | Reached XP level 14. HP: 100/133 MP: 17/20
 17500 | D:12     | Reached skill level 15 in Fighting
 17502 | D:12     | Reached skill level 15 in Axes
 17527 | D:12     | Received a gift from Okawaru
 18157 | D:12     | Found a staircase to the Orcish Mines.
 18229 | D:13     | Noticed Erolcha
 18233 | D:13     | Killed Erolcha
 18822 | D:13     | Found Fuva's Antique Armour Emporium.
 18825 | D:13     | Bought a shimmering plate armour for 784 gold pieces
 18825 | D:13     | Bought a pair of glowing gloves for 210 gold pieces
 18835 | D:13     | Identified the +1 plate armour of the Eight Boll Weevils {*Slow rN++ Dex+3 SInv} (You bought it in a shop on level 13 of the Dungeon)
 18967 | D:14     | Found a gate to the Vaults.
 19030 | D:14     | Reached skill level 15 in Armour
 19135 | D:14     | Found a shadowy altar of Dithmenos.
 19328 | D:14     | Found a hazy altar of Hepliaklqana.
 19378 | D:14     | Received a gift from Okawaru
 19567 | D:14     | Reached skill level 16 in Fighting
 20011 | D:14     | Reached XP level 15. HP: 125/144 MP: 17/21
 20070 | D:15     | Entered Level 15 of the Dungeon
 20473 | D:15     | Found a staircase to the Depths.
 20473 | D:15     | Noticed a fire giant
 21119 | D:15     | Received a gift from Okawaru
 21128 | D:15     | Killed a fire giant
 21513 | Orc:1    | Entered Level 1 of the Orcish Mines
 21562 | Orc:1    | Noticed an orc warlord
 21576 | Orc:1    | Killed an orc warlord
 21903 | Orc:2    | Entered Level 2 of the Orcish Mines
 21910 | Orc:2    | Noticed an orc warlord
 22249 | Orc:1    | Killed an orc warlord
 22298 | Orc:2    | Found a staircase to the Elven Halls.
 22929 | Orc:2    | Reached skill level 17 in Fighting
 23611 | Orc:2    | Found Feerah's Distillery.
 23614 | Orc:2    | Found Etein's Antique Weapon Emporium.
 23615 | Orc:2    | Found Eraleiq's Antique Weapon Emporium.
 23616 | Orc:2    | Found Vowky's Weapon Shoppe.
 23623 | Orc:2    | Bought a potion of brilliance for 48 gold pieces
 23623 | Orc:2    | Bought a potion of mutation for 96 gold pieces
 23623 | Orc:2    | Bought a potion of might for 48 gold pieces
 23623 | Orc:2    | Bought a potion of agility for 48 gold pieces
 23623 | Orc:2    | Bought a potion of haste for 120 gold pieces
 23628 | Orc:2    | Bought a bloodstained battleaxe for 356 gold pieces
 23628 | Orc:2    | Identified the +6 battleaxe of Infinity {flame, *Drain rF+ Int+3 SInv} (You bought it in a shop on level 2 of the Orcish Mines)
 23815 | Orc:1    | Found Meheirphuz's Jewellery Shop.
 24033 | Swamp:1  | Entered Level 1 of the Swamp
 24049 | Swamp:1  | Received a gift from Okawaru
 24081 | Swamp:1  | Noticed a thorn hunter
 24099 | Swamp:1  | Killed a thorn hunter
 24326 | Swamp:1  | Found a frozen archway.
 24340 | Swamp:1  | Noticed Louise
 24350 | IceCv    | Entered an ice cave
 24507 | IceCv    | Reached XP level 16. HP: 108/155 MP: 14/22
 24845 | Swamp:1  | Killed Louise
 24988 | Swamp:1  | Received a gift from Okawaru
 25853 | Swamp:2  | Reached skill level 9 in Shields
 25973 | Swamp:2  | Reached skill level 18 in Axes
 25994 | Swamp:2  | Received a gift from Okawaru
 25995 | Swamp:2  | Found the +5 robe of Night {god gift, Dark MR+ SInv}
 25999 | Swamp:2  | Reached skill level 18 in Fighting
 27134 | Swamp:3  | Noticed a tentacled monstrosity
 27155 | Swamp:3  | Killed a tentacled monstrosity
 27271 | Swamp:3  | Noticed a thorn hunter
 27286 | Swamp:3  | Killed a thorn hunter
 27725 | Swamp:3  | Noticed a thorn hunter
 27856 | Swamp:3  | Killed a thorn hunter
 27987 | Swamp:4  | Entered Level 4 of the Swamp
 28006 | Swamp:4  | Reached skill level 18 in Armour
 28155 | Swamp:4  | Received a gift from Okawaru
 28161 | Swamp:4  | Reached XP level 17. HP: 138/166 MP: 15/23
 28166 | Swamp:4  | Noticed the 27-headed Lernaean hydra
 28180 | Swamp:4  | Killed the 23-headed Lernaean hydra
 28230 | Swamp:4  | Reached skill level 19 in Fighting
 28814 | Swamp:4  | Got a decaying rune of Zot
 29185 | Swamp:4  | Reached skill level 12 in Shields
 29348 | Spider:1 | Entered Level 1 of the Spider Nest
 29497 | Spider:1 | Received a gift from Okawaru
 29497 | Spider:1 | Reached skill level 1 in Evocations
 30184 | Spider:1 | Noticed Aizul
 30194 | Spider:1 | Killed Aizul
 30556 | Spider:2 | Reached skill level 3 in Evocations
 31045 | Spider:3 | Reached XP level 18. HP: 145/178 MP: 11/24
 31081 | Spider:3 | Noticed Bai Suzhen
 31113 | Spider:3 | Killed Bai Suzhen
 31119 | Spider:3 | Received a gift from Okawaru
 31521 | Spider:3 | Noticed Galewind's ghost (journeyman DECj)
 31529 | Spider:3 | Killed Galewind's ghost
 31529 | Spider:3 | Reached skill level 20 in Fighting
 31809 | Spider:4 | Entered Level 4 of the Spider Nest
 32068 | Spider:4 | Received a gift from Okawaru
 32107 | Spider:4 | Noticed Arachne
 32120 | Spider:4 | Killed Arachne
 32318 | Spider:4 | Got a gossamer rune of Zot
 32472 | Spider:4 | Reached skill level 6 in Evocations
 33110 | Vaults:1 | Entered Level 1 of the Vaults
 33254 | Vaults:1 | Reached XP level 19. HP: 186/187 MP: 17/25
 33268 | Vaults:1 | Received a gift from Okawaru
 34063 | Vaults:1 | Reached skill level 15 in Shields
 34098 | Vaults:1 | Found a portal to a secret trove of treasure.
 34574 | Vaults:2 | Reached skill level 21 in Fighting
 34619 | Vaults:2 | Noticed Mennas
 34669 | Vaults:2 | Killed Mennas
 34669 | Vaults:2 | Received a gift from Okawaru
 34686 | Vaults:2 | Found a blossoming altar of Fedhas.
 34785 | Vaults:2 | Found a staircase to the Crypt.
 34785 | Vaults:2 | Found a basalt altar of Yredelemnul.
 34786 | Vaults:2 | Found an ancient bone altar of Kikubaaqudgha.
 34955 | Vaults:2 | Noticed Xtahua
 35183 | Vaults:2 | Noticed Donald
 35191 | Vaults:2 | Killed Donald
 35218 | Vaults:2 | Killed Xtahua
 35272 | Vaults:2 | Reached skill level 21 in Armour
 35275 | Vaults:2 | Received a gift from Okawaru
 35359 | Vaults:2 | Reached skill level 9 in Evocations
 35616 | Vaults:2 | Found Moeroweme's Antique Weapon Boutique.
 36013 | Vaults:3 | Reached XP level 20. HP: 194/198 MP: 26/26
 37133 | Vaults:3 | Received a gift from Okawaru
 37133 | Vaults:3 | Reached skill level 22 in Fighting
 37529 | Vaults:3 | Found Hosuc's Antique Armour Boutique.
 37741 | Vaults:4 | Noticed Jory
 37762 | Vaults:4 | Killed Jory
 37848 | Vaults:4 | Noticed Saint Roka
 37884 | Vaults:4 | Killed Saint Roka
 38361 | Vaults:4 | Reached XP level 21. HP: 209/209 MP: 27/27
 38454 | Vaults:4 | Noticed Sojobo
 38465 | Vaults:4 | Received a gift from Okawaru
 38465 | Vaults:4 | Reached skill level 18 in Shields
 38476 | Vaults:4 | Killed Sojobo
 38593 | Vaults:4 | Reached skill level 23 in Fighting
 38938 | Vaults:5 | Entered Level 5 of the Vaults
 39305 | Vaults:5 | Received a gift from Okawaru
 39390 | Vaults:5 | Received a gift from Okawaru
 39527 | Vaults:5 | Identified the ring of Pyromania {Int+5 Stlth+} (You took it off a vault sentinel on level 5 of the Vaults)
 39636 | Vaults:5 | Reached skill level 24 in Fighting
 39919 | Vaults:5 | Got a steaming amber ring
 39961 | Vaults:5 | Reached XP level 22. HP: 213/222 MP: 26/28
 39973 | Vaults:5 | Identified Vehumet's Volume of Conjuration
 39976 | Vaults:5 | Got a silver rune of Zot
 39977 | Vaults:5 | Identified Nomupoi's Incunabulum of the Boosting Arsonist
 40010 | Vaults:5 | Noticed a golden dragon
 40027 | Vaults:5 | Killed a golden dragon
 40047 | Vaults:5 | Received a gift from Okawaru
 40432 | Vaults:5 | Received a gift from Okawaru
 40768 | Vaults:5 | Identified the ring "Juann" {rElec rN+ Str+4 Slay+3} (You took it off a vault warden on level 5 of the Vaults)
 41058 | Vaults:5 | Reached skill level 21 in Shields
 41432 | Vaults:5 | Reached skill level 25 in Fighting
 41941 | Depths:1 | Entered Level 1 of the Depths
 42042 | Depths:1 | Found an iron altar of Okawaru.
 42067 | Depths:1 | Found a snail-covered altar of Cheibriados.
 42138 | Depths:1 | Found a gateway to Hell.
 42461 | Depths:1 | Found Mueheud's Book Emporium.
 42474 | Depths:1 | Found Qoemorgh's Distillery.
 42474 | Depths:1 | Found Ynno's General Store.
 42477 | Depths:1 | Found Lutsoraf's Gadget Shoppe.
 42482 | Depths:1 | Bought a potion of mutation for 160 gold pieces
 42482 | Depths:1 | Bought a potion of mutation for 160 gold pieces
 42482 | Depths:1 | Bought 2 potions of heal wounds for 200 gold pieces
 42482 | Depths:1 | Bought a potion of resistance for 200 gold pieces
 42482 | Depths:1 | Bought a potion of heal wounds for 100 gold pieces
 42482 | Depths:1 | Bought a potion of might for 80 gold pieces
 42482 | Depths:1 | Bought a potion of mutation for 160 gold pieces
 42496 | Depths:1 | Bought a lamp of fire for 680 gold pieces
 42663 | Depths:1 | Received a gift from Okawaru
 43121 | Vaults:1 | You paid a toll of 2 scrolls of acquirement to enter a treasure trove
 43122 | Trove    | Entered a treasure trove
 43135 | Trove    | Identified Heriag's Handbook of Warped Clay
 43163 | Trove    | Identified Ebbaijor's Incunabulum of the Arsonist and Darkness
 43401 | Depths:1 | Reached XP level 23. HP: 235/235 MP: 29/29
 43428 | Depths:1 | Identified the cursed +2 battleaxe of Valiance {pain, Dex+3} (You found it on level 1 of the Depths)
 43443 | Depths:1 | Identified the +2 pair of gloves "Ahog" {Regen+ Int+4 Dex+6} (You found it on level 1 of the Depths)
 43498 | Depths:2 | Noticed Mara
 43519 | Depths:2 | Noticed Gorglomux's illusion
 43520 | Depths:2 | Killed Mara
 43609 | Depths:2 | Found a gateway to a ziggurat.
 43758 | Depths:2 | Reached skill level 26 in Fighting
 43963 | Depths:2 | Found Inim's Magic Scroll Boutique.
 43966 | Depths:2 | Bought a scroll of enchant armour for 105 gold pieces
 43966 | Depths:2 | Bought a scroll of enchant weapon for 105 gold pieces
 43966 | Depths:2 | Bought a scroll of teleportation for 42 gold pieces
 43966 | Depths:2 | Bought a scroll of teleportation for 42 gold pieces
 43966 | Depths:2 | Bought a scroll of magic mapping for 49 gold pieces
 43966 | Depths:2 | Bought a scroll of teleportation for 42 gold pieces
 43966 | Depths:2 | Bought a scroll of blinking for 105 gold pieces
 43966 | Depths:2 | Bought a scroll of enchant armour for 105 gold pieces
 45036 | Depths:3 | Noticed the Enchantress
 45043 | Depths:3 | Killed the Enchantress
 45179 | Depths:3 | Noticed Nikola
 45193 | Depths:3 | Killed Nikola
 45220 | Depths:3 | Reached skill level 27 in Fighting
 45246 | Depths:3 | Found a one-way gate leading to the halls of Pandemonium.
 46265 | Depths:4 | Reached skill level 12 in Invocations
 46321 | Depths:4 | Found a one-way gate to the infinite horrors of the Abyss.
 46501 | Depths:4 | Received a gift from Okawaru
 46512 | Depths:4 | Noticed an ancient lich
 46512 | Depths:4 | Noticed a caustic shrike
 46514 | Depths:4 | Found the +8 glaive of the Guard {elec, +Rage AC+5 SInv}
 46527 | Depths:4 | Killed a caustic shrike
 46545 | Depths:4 | Killed an ancient lich
 46545 | Depths:4 | Reached skill level 15 in Invocations
 46674 | Depths:4 | Found Laicibats's Book Emporium.
 46676 | Depths:4 | Noticed Frederick
 46686 | Depths:4 | Killed Frederick
 46686 | Depths:4 | Received a gift from Okawaru
 46686 | Depths:4 | Reached XP level 24. HP: 197/249 MP: 33/34
 47501 | Depths:5 | Entered Level 5 of the Depths
 47747 | Depths:5 | Found a gate to the Realm of Zot.
 47817 | Depths:5 | Found a blossoming altar of Fedhas.
 47818 | Depths:5 | Found a basalt altar of Yredelemnul.
 47818 | Depths:5 | Found a shadowy altar of Dithmenos.
 48089 | Depths:5 | Received a gift from Okawaru
 48106 | Depths:5 | Reached skill level 18 in Invocations
 48186 | Depths:5 | Received a gift from Okawaru
 48411 | Depths:5 | Got a pair of fine gloves
 48412 | Depths:5 | Identified the +1 pair of gloves of Dishonesty {*Drain Str+3 Dex+3 SInv} (You found it on level 5 of the Depths)
 48760 | Zot:1    | Entered Level 1 of the Realm of Zot
 49067 | D:13     | Bought a runed plate armour for 728 gold pieces
 50004 | Depths:1 | Bought a wand of digging (11) for 510 gold pieces
 50314 | Zot:4    | Learned a level 3 spell: Regeneration
 50430 | Zot:5    | Entered Level 5 of the Realm of Zot
 50488 | Zot:5    | Received a gift from Okawaru
 50488 | Zot:5    | Reached skill level 1 in Spellcasting
 50488 | Zot:5    | Reached skill level 1 in Charms
 50488 | Zot:5    | Reached skill level 1 in Necromancy
 50782 | Zot:5    | Reached XP level 25. HP: 244/257 MP: 35/35
 50867 | Zot:5    | Gained mutation: You tend to lose your temper in combat. [mutagenic glow]
 50892 | Zot:5    | Gained mutation: Your magical capacity is low. (-10% MP) [mutagenic glow]
 50919 | Zot:5    | Gained mutation: You expend magic power (3 MP) to strengthen your wands. [mutagenic glow]
 51045 | Zot:5    | Reached skill level 6 in Dodging
 51078 | Zot:5    | Noticed an ancient lich
 51080 | Zot:5    | Reached skill level 3 in Necromancy
 51084 | Zot:5    | Killed an ancient lich
 51084 | Zot:5    | Received a gift from Okawaru
 51084 | Zot:5    | Reached skill level 3 in Spellcasting
 51090 | Zot:5    | Reached skill level 3 in Charms
 51199 | Zot:5    | Received a gift from Okawaru
 51297 | Zot:5    | Received a gift from Okawaru
 51351 | Zot:5    | Got the Orb of Zot
 51388 | Zot:5    | Noticed an orb of fire
 51409 | Zot:5    | Noticed an orb of fire
 51412 | Zot:5    | Noticed an ancient lich
 51412 | Zot:5    | Killed an orb of fire
 51412 | Zot:5    | Reached skill level 9 in Dodging
 51432 | Zot:5    | Killed an orb of fire
 51433 | Zot:5    | Killed an ancient lich
 51830 | D:14     | Noticed Lecuf the pandemonium lord
 51839 | D:14     | Killed Lecuf the pandemonium lord
 52026 | D:5      | Received a gift from Okawaru
 52066 | D:4      | Reached skill level 6 in Necromancy
 52196 | D:$      | Escaped with the Orb!

Vault maps used:
D:1:      nzn_arrival_crosshair
D:2:      serial_park_tiny_1, uniq_jessica
D:3:      lemuel_zombie_altar_yredelemnul, first_ration, uniq_ijyb,
          uniq_crazy_yiuf_cottage
D:4:      minitemple, serial_shops, kennysheep_little_box, serial_bayou_pond_e
D:5:      chequers_temple_overflow_statue_of_worship,
          chequers_ossuary_entry_cave
D:6:      lemuel_ratsnest, basic_altar
D:7:      okawaru_gym_becter, kennysheep_mini_moat, old_standard_altar,
          minmay_temple_entry_overgrown, serial_curves, eino_curves_02,
          eino_curves_02, eino_curves_04
D:8:      tso_oasis_becter, kennysheep_mini, grunt_ogre_cave, uniq_erica
D:9:      lightli_bailey_entry_fortress
D:11:     minmay_lair_entry_grove, kennysheep_path_1, uniq_sonja
D:12:     cheibrodos_barr_body, hiddenorc1_lemuel
D:13:     serial_shops, nicolae_shop_behind_doors, uniq_erolcha
D:14:     lightli_vaults_fourway_checkpoint,
          nicolae_dithmenos_through_a_glass_darkly, basic_altar
D:15:     grunt_enter_depths_giant_problem, patterned_corridor
Lair:1:   lab_entry_generic, serial_bayou_shore_a, infiniplex_staircase_pool,
          grunt_megastairs_1, uniq_grum
Lair:2:   swamp_mist_pool
Lair:3:   spider_nest_entry_rubble
Lair:4:   lemuel_fruit_fields, infiniplex_staircase_pool_2
Lair:5:   st_stairs_10, lemuel_old_faithful
Lair:6:   wormcave, minmay_slime_entry_pillars
Swamp:1:  portal_ice_cave_entry_pillars_1, evilmike_swamp_ruin_rubble_1,
          uniq_louise
Swamp:2:  cheibrodos_swamp_mausoleum, nicolae_swamp_very_dense_foliage,
          swamp_pool1, cheibrodos_swamp_kobolds
Swamp:3:  cheibrodos_swamp_monstrosity, hangedman_swamp_cone
Swamp:4:  grunt_swamp_rune_castle, hangedman_swamp_diagram, swamp_pool5
Spider:1: nicolae_spider_circle_web, uniq_aizul
Spider:3: uniq_bai_suzhen
Spider:4: johnstein_spider_rune_arachne_lair
Orc:1:    serial_shops, shop
Orc:2:    st_orc_pillars
Vaults:1: nicolae_vaults_network_quinsquares, v_rooms_6,
          vaults_room_grunt_arrival_ludios, hangedman_vaults_snaps,
          vaults_room_fancy_cross, special_room_vaults,
          ontoclasm_vaults_decontamination, grunt_vaults_hallway_short,
          v_alt_pattern_6, nicolae_vaults_gold_heap,
          nicolae_trove_entry_free_sample
Vaults:2: dpeg_vaults_pockets_of_resistance, v_misc_30,
          hangedman_vaults_stretched_pinwheel, ontoclasm_vaults_shuriken,
          v_misc_10, nicolae_vaults_ring_of_whatevers,
          minmay_crypt_entry_necro_gods, basic_altar,
          portal_desolation_entry_salt, serial_shops, shop_fountains,
          uniq_mennas, uniq_xtahua, uniq_donald
Vaults:3: hangedman_vaults_stitches, vaults_room_grid, v_misc_32,
          vaults_mumra_chevron_long, v_misc_14, ontoclasm_vaults_spin,
          nicolae_vaults_little_squares_4, st_hourglassy, v_pattern_1,
          vaults_dpeg_ring, nicolae_vaults_asterisk, ontoclasm_vaults_fault,
          grunt_vaults_focal, nicolae_vaults_rhombus_5, serial_shops,
          nicolae_shop_overgrown_old_shop
Vaults:4: v_rooms_4, v_misc_17, vaults_mumra_hex, nicolae_vaults_what_the_h,
          nicolae_vaults_big_angled_halls, vaults_room_semicircle,
          nicolae_vaults_specimen_jars, v_misc_8, vaults_dpeg_cross,
          vaults_mumra_minichess_inversion, v_alt_pattern_1, v_misc_16,
          v_misc_3, nicolae_vaults_an_arrangement, vaults_room_fours, uniq_jory,
          uniq_saint_roka, uniq_sojobo
Depths:1: evilmike_iron_armoury, cheibriados_altar_1, hell_entry,
          minmay_misc_feat_doors, st_stairs_8, minmay_pinched_square,
          serial_bayou_shore_b, minmay_shoptagon
Depths:2: minmay_distorted_concentric_squares, enter_ziggurat_e, pf_coc_iceberg,
          corexii_leaking_fountain, serial_shops, nicolae_shop_behind_doors,
          grunt_megastairs_2, minmay_staircase_windowed_large,
          basic_stair_grate_trap, firewood_loft, uniq_mara
Depths:3: grunt_forest_end_winery, hell_entry, pan_entry, uniq_nikola
Depths:4: minmay_guarded_unrand_guard, nicolae_abyss_entry_one_way_or_another,
          hell_entry, nrook_uturn, serial_shops, shop,
          infiniplex_staircase_zigzag_2, uniq_frederick
Depths:5: hangedman_slaughterboxes, pan_entry, hell_entry, abyss_entry
Zot:1:    kennysheep_underground_church
Zot:4:    gammafunk_mikee_crab_dinner, basic_stair_grate_trap,
          grunt_megastairs_3
Zot:5:    lemuel_baited_zot_trap, st_stairs_5
Trove:    trove_library
Bailey:   bailey_axe_1, bailey
IceCv:    ice_cave_statue_garden_chambered

Skill      XL: |  1  2  3  4  5  6  7  8  9 10 11 12 13 14 15 16 17 18 19 20 21 22 23 24 25 |
---------------+----------------------------------------------------------------------------+-----
Fighting       | 5 6 7 8 9 10 12 13 14 16 17 18 19 20 21 22 24 25 27 | 27.0
Long Blades    | 3 4 |  4.6
Armour         | 1 2 3 4 6 7 9 11 12 13 15 16 18 19 20 21 22 | 22.0
Axes           | 1 3 4 6 8 11 14 16 17 18 | 18.0
Shields        | 3 4 6 8 10 13 14 16 17 19 21 22 | 22.0
Invocations    | 3 8 10 16 19 | 19.5
Dodging        | 4 5 9 |  9.8
Evocations     | 3 6 9 10 | 10.0
Spellcasting   | 1 5 |  5.5
Charms         | 1 5 |  5.5
Necromancy     | 1 6 |  6.1
Throwing       | |  1.0
Stealth        | |  1.0

Action                   |  1- 3 |  4- 6 |  7- 9 | 10-12 | 13-15 | 16-18 | 19-21 | 22-24 | 25-27 || total
-------------------------+-------+-------+-------+-------+-------+-------+-------+-------+-------++-------
Melee: Falchion          |    47 |   195 |   312 |       |       |       |       |       |       ||   554
       Headbutt          |     5 |    33 |    64 |   132 |   333 |   302 |   339 |   436 |   120 ||  1764
       Scimitar          |       |       |    26 |   522 |   767 |       |       |       |       ||  1315
       War axe           |       |       |       |    13 |    84 |       |       |       |       ||    97
       Broad axe         |       |       |       |       |   413 |  1294 |  1275 |  1200 |   298 ||  4480
Throw: Javelin           |       |       |     3 |     1 |     2 |     1 |       |     1 |       ||     8
       Tomahawk          |       |       |       |    33 |       |       |       |       |       ||    33
 Cast: Regeneration      |       |       |       |       |       |       |       |       |     1 ||     1
Invok: Heroism           |       |       |     4 |    21 |    36 |    26 |    25 |    29 |     6 ||   147
       Finesse           |       |       |       |     1 |     9 |    13 |    13 |    13 |     4 ||    53
Evoke: Wand              |       |       |     1 |     8 |     5 |     9 |     5 |     6 |     8 ||    42
       Lightning rod     |       |       |       |       |     4 |     4 |       |     7 |     4 ||    19
       Sack of spiders   |       |       |       |       |       |       |     2 |       |       ||     2
  Use: Potion            |       |       |     4 |       |       |     3 |     3 |     1 |    11 ||    22
       Scroll            |       |       |       |    22 |    16 |     8 |    10 |    32 |     2 ||    90
 Stab: Sleeping          |     2 |       |       |       |       |       |       |       |       ||     2
       Paralysed         |       |       |       |       |     2 |       |     3 |       |       ||     5
       Distracted        |       |       |       |       |     1 |       |     3 |     2 |     1 ||     7
       Held in net/web   |       |       |       |       |       |     1 |       |       |       ||     1
  Eat: Chunk             |     1 |    25 |    13 |    30 |    46 |    30 |    22 |    35 |     3 ||   205
Armor: Chain mail        |    16 |   100 |   178 |   354 |   638 |   664 |   333 |   263 |       ||  2546
       Skin              |       |       |    15 |       |       |       |       |       |       ||    15
       Plate armour      |       |       |       |       |       |       |       |    28 |    46 ||    74
Dodge: Dodged            |    19 |    74 |   126 |   267 |   663 |   356 |   222 |   197 |    44 ||  1968
Block: Buckler           |       |       |    46 |   145 |   390 |     6 |       |       |       ||   587
       Large shield      |       |       |       |       |       |  1080 |   962 |  1133 |   285 ||  3460
       Rpst.: Falchion   |     7 |    16 |    35 |       |       |       |       |       |       ||    58
       Scimitar          |       |       |     3 |    67 |   103 |       |       |       |       ||   173

Table legend:
 A = Spawn XP
 B = Non-spawn XP
 C = Spawn XP percentage of total XP
 D = Spawn monster count
 E = Non-spawn monster count
 F = Spawn count percentage of total count
 G = Total turns spent on level
                    A         B        C        D         E        F      G
               +---------+---------+-------+---------+---------+-------+---------
         Total |       0 | 1291666 |   0.0 |       0 |    2328 |   0.0 | 52196
               +---------+---------+-------+---------+---------+-------+---------
           D:1 |       0 |      25 |   0.0 |       0 |      15 |   0.0 |   688
           D:2 |       0 |      95 |   0.0 |       0 |      27 |   0.0 |  1138
           D:3 |       0 |     252 |   0.0 |       0 |      39 |   0.0 |  1516
           D:4 |       0 |     637 |   0.0 |       0 |      26 |   0.0 |   740
           D:5 |       0 |     531 |   0.0 |       0 |      18 |   0.0 |   805
           D:6 |       0 |     704 |   0.0 |       0 |      33 |   0.0 |  1002
           D:7 |       0 |     691 |   0.0 |       0 |      19 |   0.0 |  1046
           D:8 |       0 |    3485 |   0.0 |       0 |      31 |   0.0 |   786
           D:9 |       0 |    2817 |   0.0 |       0 |      32 |   0.0 |   992
          D:10 |       0 |    4243 |   0.0 |       0 |      56 |   0.0 |  1319
          D:11 |       0 |    4953 |   0.0 |       0 |      25 |   0.0 |   953
          D:12 |       0 |   14410 |   0.0 |       0 |      94 |   0.0 |  1507
          D:13 |       0 |    4109 |   0.0 |       0 |      18 |   0.0 |   797
          D:14 |       0 |   18723 |   0.0 |       0 |      44 |   0.0 |  1467
          D:15 |       0 |   12320 |   0.0 |       0 |      31 |   0.0 |  1538
        Lair:1 |       0 |    4592 |   0.0 |       0 |      24 |   0.0 |  1060
        Lair:2 |       0 |    3061 |   0.0 |       0 |      14 |   0.0 |  1107
        Lair:3 |       0 |    5534 |   0.0 |       0 |      19 |   0.0 |  1057
        Lair:4 |       0 |    5253 |   0.0 |       0 |      10 |   0.0 |   789
        Lair:5 |       0 |    6750 |   0.0 |       0 |      23 |   0.0 |   947
        Lair:6 |       0 |   21351 |   0.0 |       0 |      66 |   0.0 |  1267
       Swamp:1 |       0 |   15034 |   0.0 |       0 |      28 |   0.0 |   753
       Swamp:2 |       0 |   23206 |   0.0 |       0 |      71 |   0.0 |  1822
       Swamp:3 |       0 |   18167 |   0.0 |       0 |      32 |   0.0 |  1109
       Swamp:4 |       0 |   39801 |   0.0 |       0 |      83 |   0.0 |  1091
      Spider:1 |       0 |   18345 |   0.0 |       0 |      49 |   0.0 |  1086
      Spider:2 |       0 |   19277 |   0.0 |       0 |      51 |   0.0 |   524
      Spider:3 |       0 |   27442 |   0.0 |       0 |      62 |   0.0 |   963
      Spider:4 |       0 |   49177 |   0.0 |       0 |     107 |   0.0 |  1056
         Orc:1 |       0 |    9238 |   0.0 |       0 |      72 |   0.0 |   961
         Orc:2 |       0 |   16038 |   0.0 |       0 |     129 |   0.0 |  1507
      Vaults:1 |       0 |   50031 |   0.0 |       0 |     104 |   0.0 |  1877
      Vaults:2 |       0 |   66310 |   0.0 |       0 |      87 |   0.0 |  1597
      Vaults:3 |       0 |   65598 |   0.0 |       0 |      98 |   0.0 |  1642
      Vaults:4 |       0 |   88774 |   0.0 |       0 |     125 |   0.0 |  1557
      Vaults:5 |       0 |  154182 |   0.0 |       0 |     138 |   0.0 |  2654
      Depths:1 |       0 |   57748 |   0.0 |       0 |      73 |   0.0 |  1380
      Depths:2 |       0 |   38514 |   0.0 |       0 |      42 |   0.0 |  1390
      Depths:3 |       0 |   47923 |   0.0 |       0 |      54 |   0.0 |  1635
      Depths:4 |       0 |   64838 |   0.0 |       0 |      45 |   0.0 |   907
      Depths:5 |       0 |  115888 |   0.0 |       0 |      87 |   0.0 |  1863
         Zot:1 |       0 |     469 |   0.0 |       0 |       1 |   0.0 |   119
         Zot:2 |       0 |   11632 |   0.0 |       0 |       6 |   0.0 |   120
         Zot:3 |       0 |     505 |   0.0 |       0 |       1 |   0.0 |    64
         Zot:4 |       0 |    5475 |   0.0 |       0 |       4 |   0.0 |   144
         Zot:5 |       0 |  164300 |   0.0 |       0 |      61 |   0.0 |  1065
        Bailey |       0 |    1583 |   0.0 |       0 |      32 |   0.0 |   210
         IceCv |       0 |    7635 |   0.0 |       0 |      22 |   0.0 |   485
               +---------+---------+-------+---------+---------+-------+---------
